 Dungeon Crawl Stone Soup version 0.21-a0-426-g98080a9 (webtiles) character file.

1395 varam the Destroyer (level 8, -13/41 HPs)
             Began as a Gargoyle Fire Elementalist on Nov 7, 2017.
             Was a Follower of Vehumet.
             Mangled by a slime creature (14 damage)
             ... on level 6 of the Dungeon.
             The game lasted 00:23:54 (5209 turns).

varam the Destroyer (Gargoyle Fire Elementalist)    Turns: 5209, Time: 00:23:55

Health: -13/41     AC: 13    Str: 12    XL:     8   Next: 68%
Magic:  5/11       EV: 10    Int: 18    God:    Vehumet [*.....]
Gold:   244        SH:  0    Dex: 10    Spells: 3/11 levels left

rFire    . . .     SeeInvis .   e - +2 short sword (elec)
rCold    + . .     Gourm    .   (no shield)
rNeg     + . .     Faith    .   D - +2 ring mail {rC+}
rPois    ∞         Spirit   .   h - +0 helmet
rElec    +         Reflect  .   (no cloak)
rCorr    +         Harm     .   (no gloves)
MR       .....                  (no boots)
Stlth    +.........             (no amulet)
HPRegen  0.13/turn              q - ring of resist corrosion
MPRegen  0.12/turn              (no ring)

@: no status effects
A: negative energy resistance 1, electricity resistance, unbreathing,
petrification resistance, rot immunity, AC +5
a: Renounce Religion


You were on level 6 of the Dungeon.
You worshipped Vehumet.
Vehumet was aware of your devotion.
You were not hungry.

You visited 2 branches of the dungeon, and saw 8 of its levels.

You collected 244 gold pieces.

Inventory:

Hand Weapons
 e - a +2 short sword of electrocution (weapon)
 s - a +0 hunting sling of flaming
 x - a +0 dagger of flaming
Missiles
 i - 18 tomahawks (quivered)
Armour
 a - a +0 robe
 h - a +0 helmet (worn)
 w - a +0 scale mail
 A - a +0 buckler
 D - a +2 ring mail of cold resistance (worn)
Jewellery
 p - an uncursed ring of ice
 q - a ring of resist corrosion (left hand)
Wands
 r - a wand of polymorph (7/24)
Scrolls
 d - 3 scrolls of teleportation {unknown}
 g - 2 scrolls of fear {unknown}
 j - 2 scrolls of recharging {unknown}
 l - a scroll of immolation {unknown}
 o - a scroll of blinking {unknown}
 t - 3 scrolls of remove curse {unknown}
 y - 3 scrolls of identify {unknown}
 G - a scroll of enchant armour {unknown}
 H - a scroll of fog {unknown}
Potions
 k - 4 potions of heal wounds {unknown}
 m - a potion of brilliance {unknown}
 u - 3 potions of lignification {unknown}
 v - 2 potions of haste {unknown}
 z - 3 potions of curing {unknown}
 C - 2 potions of mutation {unknown}
 F - a potion of magic {unknown}
Books
 b - a book of Flames

   Spells                             Type                      Level
   a - Flame Tongue                   Conjuration/Fire             1
   b - Throw Flame                    Conjuration/Fire             2
   c - Conjure Flame                  Conjuration/Fire             3
   d - Inner Flame                    Hexes/Fire                   3
   e - Sticky Flame                   Conjuration/Fire             4
   f - Fireball                       Conjuration/Fire             5
Comestibles
 c - 3 bread rations
 f - 4 royal jellies
 n - 2 meat rations
 B - 3 fruits


   Skills:
 - Level 1.5 Dodging
 - Level 2.1 Stealth
 - Level 2.0 Spellcasting
 + Level 8.6 Conjurations
 + Level 7.4 Fire Magic


You had 3 spell levels left.
You knew the following spells:

 Your Spells              Type           Power        Failure   Level  Hunger
a - Flame Tongue          Conj/Fire      ####.        1%          1    #......
b - Throw Flame           Conj/Fire      ####..       2%          2    ###....
c - Fireball              Conj/Fire      ####......   38%         5    ######.


Dungeon Overview and Level Annotations

Branches:
Dungeon (7/15)             Temple (1/1) D:4

Altars:
Ashenzari
Cheibriados
Dithmenos
Elyvilon
Fedhas
Kikubaaqudgha
Makhleb
Qazlal
Uskayaw
Vehumet
Xom
Yredelemnul

Shops:
D:4 [


Innate Abilities, Weirdness & Mutations

You are resistant to torment.
Your stone body is resilient. (AC +5)
You are immune to poison.
You resist negative energy. (rN+)
You are resistant to electric shocks. (rElec)
You can survive without breathing.
You are immune to petrification.
You are immune to rotting.


Message History

You barely miss the slime creature.
The slime creature is severely wounded.
The slime creature hits you but does no damage.
You hit the slime creature but do no damage.
Lightning courses through the slime creature!
The slime creature is severely wounded.
The slime creature hits you!
You hit the slime creature.
The slime creature is severely wounded.
The slime creature hits you!
* * * LOW HITPOINT WARNING * * *
Casting: Flame Tongue
Confirm with . or Enter, or press ? or * to list all spells.
Aiming: Throw Flame
Press: ? - help, Shift-Dir - straight line, f - slime creature
Aim: a slime creature (severely wounded)
The puff of flame hits the slime creature.
The slime creature is almost dead.
The slime creature hits you!
You die...

.................#
.................#
.................#
.................#
###.##'######..###
. #. #.# ##..# ###
..# ... #...##
#J.P# ..# ....#
#....##JJJJ..
..#######
####.@JJJJJ.. ###
####JJJJ.. #J..#
###


You could see a slime creature, 2 jellies and 12 oozes.

Vanquished Creatures
  Prince Ribbit (D:6)
  Sigmund (D:2)
  Edmund (D:6)
  A phantom (D:6)
  A centaur (D:5)
  A bullfrog (D:6)
  2 howler monkeys
  A crimson imp (D:5)
  2 centaur skeletons
  A hound (D:6)
  2 jellies (D:6)
  An orc wizard (D:3)
  An iguana (D:3)
  Jessica (D:2)
  Natasha (twice) (D:3)
  A worker ant (D:6)
  A hound skeleton (D:5)
  8 gnolls
  8 adders
  5 oozes (D:6)
  An adder zombie (D:5)
  2 adder skeletons
  3 worms
  2 dart slugs (D:1)
  6 leopard geckos
  10 orcs
  6 giant cockroaches
  5 goblins
  5 hobgoblins
  11 jackals
  3 kobolds
  3 quokkas
  A ball python (D:3)
  7 bats
  9 frilled lizards
  A giant cockroach zombie (D:4)
  A leopard gecko zombie (D:6)
  6 rats
124 creatures vanquished.

Vanquished Creatures (others)
  3 fungi (D:6)
3 creatures vanquished.

Grand Total: 127 creatures vanquished

Notes
Turn   | Place    | Note
-------+----------+-------------------------------------------
     0 | D:1      | varam the Gargoyle Fire Elementalist began the quest for the Orb.
     0 | D:1      | Reached XP level 1. HP: 10/10 MP: 3/3
   133 | D:1      | Reached XP level 2. HP: 15/15 MP: 3/5
   142 | D:1      | Learned a level 2 spell: Throw Flame
   191 | D:1      | Reached skill level 2 in Conjurations
   478 | D:1      | Reached XP level 3. HP: 19/19 MP: 0/6
   713 | D:2      | Found a white marble altar of Elyvilon.
   814 | D:2      | Reached skill level 3 in Conjurations
  1061 | D:2      | Noticed Sigmund
  1181 | D:3      | Reached XP level 4. HP: 24/24 MP: 3/7
  1254 | D:3      | Reached skill level 4 in Conjurations
  1571 | D:2      | Reached XP level 5. HP: 18/28 MP: 1/8
  1654 | D:3      | Reached skill level 4 in Fire Magic
  1656 | D:3      | Found a shimmering altar of Xom.
  1683 | D:3      | Noticed Jessica
  1716 | D:3      | Found a shadowy altar of Dithmenos.
  1728 | D:2      | Killed Jessica
  1963 | D:2      | Killed Sigmund
  1963 | D:2      | Reached skill level 5 in Conjurations
  1963 | D:2      | Reached XP level 6. HP: 9/32 MP: 1/9
  2265 | D:3      | Noticed Natasha
  2407 | D:3      | Killed Natasha
  2455 | D:3      | Noticed Natasha
  2461 | D:3      | Killed Natasha
  2461 | D:3      | Reached skill level 6 in Conjurations
  2471 | D:3      | Learned a level 5 spell: Fireball
  2614 | D:3      | Reached skill level 5 in Fire Magic
  2614 | D:3      | Reached XP level 7. HP: 36/36 MP: 1/10
  2652 | D:3      | Found a stormy altar of Qazlal.
  2762 | D:4      | Found a staircase to the Ecumenical Temple.
  2772 | Temple   | Entered the Ecumenical Temple
  2785 | Temple   | Became a worshipper of Vehumet
  2806 | D:4      | Found Fuasotat's Armour Emporium.
  3516 | D:5      | Entered Level 5 of the Dungeon
  3892 | D:6      | Found a hide-covered altar of Uskayaw.
  3913 | D:6      | Noticed Edmund
  4003 | D:7      | Reached * piety under Vehumet
  4003 | D:7      | Offered knowledge of Sting by Vehumet.
  4157 | D:6      | Noticed Prince Ribbit
  4199 | D:6      | Killed Prince Ribbit
  4199 | D:6      | Reached skill level 7 in Conjurations
  4199 | D:6      | Reached skill level 6 in Fire Magic
  4199 | D:6      | Reached XP level 8. HP: 35/41 MP: 1/11
  4636 | D:6      | Reached skill level 8 in Conjurations
  4673 | D:6      | Killed Edmund
  4673 | D:6      | Reached skill level 7 in Fire Magic
  5183 | D:6      | Noticed a slime creature
  5208 | D:6      | HP: 1/41 [slime creature (15)]
  5209 | D:6      | Mangled by a slime creature

Vault maps used:
D:1:      nicolae_arrival_memento_mori
D:2:      lemuel_coloured_pillars_altar, hex_large, uniq_sigmund
D:3:      nicolae_overflow_hidden_temple, kennysheep_generic_room_5,
          uniq_natasha, uniq_jessica
D:4:      minmay_temple_entry_mist, serial_shops, nicolae_shop_crystal
D:5:      first_bread
D:6:      lemuel_slime, eat_drink_and_be_merry_uskayaw,
          lightli_ossuary_entry_decrepit_ruins, serial_bayou_pond_e,
          uniq_edmund, uniq_prince_ribbit1
D:7:      nicolae_ru_great_annihilating_truth, grunt_livestock
Temple:   eino_temple_rhombus

Skill      XL: |  1  2  3  4  5  6  7  8 |
---------------+-------------------------+-----
Conjurations   | 2 3 4 5 6 7 8 |  8.6
Fire Magic     | 4 5 6 7 |  7.4
Dodging        | |  1.5
Stealth        | |  2.1
Spellcasting   | |  2.0

Action                   |  1- 3 |  4- 6 |  7- 9 || total
-------------------------+-------+-------+-------++-------
Melee: Short sword       |    55 |    81 |   167 ||   303
       Dagger            |       |       |    12 ||    12
       Unarmed           |       |       |    19 ||    19
 Cast: Flame Tongue      |    10 |     5 |    28 ||    43
       Throw Flame       |    17 |    29 |    39 ||    85
 Stab: Sleeping          |     1 |     2 |     2 ||     5
  Eat: Chunk             |     2 |     7 |    11 ||    20
Armor: Robe              |    20 |    31 |    53 ||   104
       Scale mail        |       |       |    34 ||    34
       Ring mail         |       |       |    19 ||    19
       Skin              |       |       |     2 ||     2
Dodge: Dodged            |    37 |    63 |   114 ||   214
Block: Buckler           |       |       |     1 ||     1

Table legend:
 A = Spawn XP
 B = Non-spawn XP
 C = Spawn XP percentage of total XP
 D = Spawn monster count
 E = Non-spawn monster count
 F = Spawn count percentage of total count
 G = Total turns spent on level
                    A         B        C        D         E        F      G
               +---------+---------+-------+---------+---------+-------+---------
         Total |       0 |    1994 |   0.0 |       0 |     124 |   0.0 |  5209
               +---------+---------+-------+---------+---------+-------+---------
           D:1 |       0 |      41 |   0.0 |       0 |      22 |   0.0 |   696
           D:2 |       0 |     323 |   0.0 |       0 |      19 |   0.0 |  1438
           D:3 |       0 |     273 |   0.0 |       0 |      27 |   0.0 |   595
           D:4 |       0 |      58 |   0.0 |       0 |      13 |   0.0 |   806
           D:5 |       0 |     321 |   0.0 |       0 |      15 |   0.0 |   806
           D:6 |       0 |     973 |   0.0 |       0 |      26 |   0.0 |   818
           D:7 |       0 |       5 |   0.0 |       0 |       2 |   0.0 |    25
               +---------+---------+-------+---------+---------+-------+---------
